 Dungeon Crawl Stone Soup version 0.22.0-75-g3901e79 (webtiles) character file.

33 MaCrawler the Chiller (level 3, -4/26 HPs)
             Began as a Centaur Ice Elementalist on Sept 3, 2018.
             Slain by a hobgoblin
             ... wielding a +0 club
              (5 damage)
             ... on level 2 of the Dungeon on Sept 11, 2018.
             The game lasted 00:18:29 (1525 turns).

MaCrawler the Chiller (Centaur Ice Elementalist)    Turns: 1525, Time: 00:18:30

Health: -4/26      AC:  4    Str:  7 (10) XL:     3   Next: 12%
Magic:  4/5        EV:  9    Int: 18 (20) God:
Gold:   29         SH:  0    Dex:  6 (9)  Spells: 2/5 levels left

rFire    . . .     SeeInvis .   e - +0 club
rCold    . . .     Gourm    .   (no shield)
rNeg     . . .     Faith    .   a - +0 robe
rPois    .         Spirit   .   (no helmet)
rElec    .         Reflect  .   (no cloak)
rCorr    .         Harm     .   (no gloves)
MR       .....                  (no barding)
Stlth    +.........             (no amulet)
HPRegen  0.08/turn              (no ring)
MPRegen  0.09/turn              (no ring)

@: brilliant, very quick
A: large, hooves 3, deformed body, speed 2, tough skin 3
a: no special abilities


You were on level 2 of the Dungeon.
You were not hungry.

You visited 1 branch of the dungeon, and saw 2 of its levels.

You collected 29 gold pieces.

Inventory:

Hand Weapons
 e - a +0 club (weapon)
Armour
 a - a +0 robe (worn)
Scrolls
 b - 5 scrolls of identify
 d - a scroll of immolation
Comestibles
 c - 2 rations


   Skills:
 + Level 0.3 Fighting
 + Level 1.9 Dodging
 + Level 1.1 Stealth
 + Level 0.5 Unarmed Combat
 + Level 1.7 Spellcasting
 + Level 0.8 Conjurations
 + Level 3.3 Ice Magic


You had 2 spell levels left.
You knew the following spells:

 Your Spells              Type           Power        Failure   Level  Hunger
a - Freeze                Ice            ###.         1%          1    #......
b - Throw Frost           Conj/Ice       ###...       1%          2    ###....

Your spell library contained the following spells:

 Spells                   Type           Power        Failure   Level  Hunger
 Ozocubu's Armour         Chrm/Ice       ###.....     3%          3    ###....
 Throw Icicle             Conj/Ice       ###.....     9%          4    #####..
 Summon Ice Beast         Ice/Summ       ###.....     11%         4    #####..


Dungeon Overview and Level Annotations

Branches:
Dungeon (2/15)

Altars:
Ru


Innate Abilities, Weirdness & Mutations

You have hooves in place of feet.
Armour fits poorly on your strangely shaped body.
You cover ground very quickly.
You have extremely tough skin. (AC +3)


Message History

It was a potion of brilliance.
You feel clever all of a sudden.
It was a potion of degeneration.
There was something very wrong with that liquid.
You feel weakened.
You feel dopey.
You feel clumsy.
As you read the scroll labeled SOLUDUKHAO, it crumbles to dust.
You hear a loud clanging noise!
It was a scroll of noise.
You hear a shout!
As you read the scroll labeled ONIUNN BUEPIF, it crumbles to dust.
You assume a fearsome visage.
Nothing appears to happen.
It was a scroll of fear.
A hobgoblin comes into view. It is wielding a club.
The hobgoblin hits you with a club.
* * * LOW HITPOINT WARNING * * *
The hobgoblin hits you but does no damage.
The hobgoblin hits you with a club.
* * * LOW HITPOINT WARNING * * *
The hobgoblin hits you with a club.
You die...

#..#.#####.# #..#.#####.#
######........#.# #
#....#....###.#.# ..
#....#...)# #.#.# ...
#....#....# #.#.# ....
.#....#....# #.#.# ##.....
......#....###.#.######.......
.....†.........g@........>....
....######.######..#..........
... #...........#.......#.....
.. #.####.####.#..#.#..# #.#.
. #.#.......# #......... # ..
#.#.##.##.#.#..#.#.##.#
...##.#.#...#.#.##.###......
.........._........# #### ##
....#.#.#)..#.#.#....


You could see a hobgoblin.

Vanquished Creatures
  An adder (D:2)
  A worm (D:2)
  A ball python (D:1)
  2 goblins
  4 hobgoblins
  2 bats
  6 frilled lizards (D:1)
  2 kobolds
  6 rats
25 creatures vanquished.

Notes
Turn   | Place    | Note
-------+----------+-------------------------------------------
     0 | D:1      | MaCrawler the Centaur Ice Elementalist began the quest for
                  | the Orb.
     0 | D:1      | Reached XP level 1. HP: 14/14 MP: 3/3
   364 | D:1      | Reached skill level 3 in Ice Magic
   486 | D:1      | Reached XP level 2. HP: 5/20 MP: 4/4
   613 | D:1      | Upgraded the game from 0.22.0-49-gab54619 to
                  | 0.22.0-75-g3901e79
   616 | D:1      | Learned a level 2 spell: Throw Frost
  1394 | D:2      | Found a sacrificial altar of Ru.
  1482 | D:2      | Reached XP level 3. HP: 15/26 MP: 0/5
  1524 | D:2      | HP: 1/26 [hobgoblin/club (3)]
  1525 | D:2      | Slain by a hobgoblin

Skill      XL: |  1 |
---------------+----+-----
Ice Magic      | 3 |  3.3
Fighting       | |  0.3
Dodging        | |  1.9
Stealth        | |  1.1
Unarmed Combat | |  0.5
Spellcasting   | |  1.7
Conjurations   | |  0.8

Action                   || total
-------------------------++-------
Melee: Unarmed           ||    65
       Kick              ||     9
       Club              ||    25
 Cast: Freeze            ||    10
       Throw Frost       ||     4
  Use: Scroll            ||     4
       Potion            ||     3
  Eat: Ration            ||     1
Armor: Robe              ||    63
Dodge: Dodged            ||    86
